 Dungeon Crawl Stone Soup version 0.18.1-5-g4a78601 (webtiles) character file.

207 pipel the Insei (level 5, 0/37 HPs)
             Began as an Octopode Chaos Knight on May 9, 2016.
             Slain by an iguana (10 damage)
             ... on level 4 of the Dungeon.
             The game lasted 00:05:12 (3324 turns).

pipel the Insei (Octopode Chaos Knight)             Turns: 3324, Time: 00:05:13

Health: 0/37       AC:  1    Str: 11    XL:     5   Next: 85%
Magic:  4/4        EV: 13    Int: 17    God:    Xom [.*....]
Gold:   1113       SH:  0    Dex: 12    Spells: 0 memorised, 4 levels left

rFire  . . .     SeeInvis .       - Unarmed
rCold  . . .     Gourm    .     (no shield)
rNeg   . . .     Faith    .     (helmet restricted)
rPois  .         Spirit   .     (no amulet)
rElec  .         Dismiss  .     (no ring)
rCorr  .         Reflect  .     (no ring)
SustAt .         Harm     .     (no ring)
MR     .....                    (no ring)
Stlth  +++.......               (no ring)
                                (no ring)
                                (no ring)
                                (no ring)

@: not resistant to hostile enchantments, fairly stealthy
A: almost no armour, amphibious, 8 rings, constrict 8, tentacle spike 1,
camouflage 1, clever 1, low mp 1, gelatinous body 1
a: Renounce Religion


You were on level 4 of the Dungeon.
You worshipped Xom.
You were a plaything of Xom.
You were not hungry.

You visited 1 branch of the dungeon, and saw 4 of its levels.

You collected 1113 gold pieces.

Inventory:

Hand Weapons
 a - a +0 blowgun
Missiles
 l - 5 curare-tipped needles
Scrolls
 b - a scroll of enchant armour {unknown}
 c - a scroll of remove curse {unknown}
 d - 7 scrolls of identify {unknown}
 e - a scroll of fog {unknown}
 f - a scroll of random uselessness {unknown}
 m - a scroll of noise {unknown}
 p - a scroll of magic mapping {unknown}
Potions
 g - a potion of flight
 j - a potion of curing
 q - a potion of heal wounds
Comestibles
 h - 2 meat rations
 i - 3 fruits
 k - 2 chunks of flesh
 o - 2 bread rations


   Skills:
 + Level 4.0 Fighting
 + Level 3.7 Dodging
 + Level 3.4 Stealth
 + Level 4.1 Unarmed Combat


You had 4 spell levels left.
You didn't know any spells.

Dungeon Overview and Level Annotations

Branches:
Dungeon (4/15)             Temple (0/1) D:4

Altars:
Dithmenos
Xom


Innate Abilities, Weirdness & Mutations

You cannot wear most types of armour.
You are amphibious.
You can wear up to eight rings at the same time.
You can use your tentacles to constrict eight enemies at once.
Your skin changes colour to match your surroundings (Stealth).
Your rubbery body absorbs attacks (AC +1).
One of your tentacles bears a spike.
Your mind is acute. (Int +2)
Your magical capacity is low (-10% MP).


Message History

Your grab misses the iguana. The iguana bites you!
You take 10 damage, and have 27/37 hp.
MASSIVE DAMAGE!!
You tentacle-slap the iguana. You grab the iguana.
You pierce the iguana, but do no damage.
The iguana is moderately wounded.
You constrict the iguana, but do no damage.
The iguana bites you!
You take 8 damage, and have 19/37 hp.
MASSIVE DAMAGE!!
You tentacle-slap the iguana.
You pierce the iguana, but do no damage.
The iguana is heavily wounded.
You constrict the iguana. The iguana bites you!
* * * LOW HITPOINT WARNING * * *
You take 9 damage, and have 10/37 hp.
MASSIVE DAMAGE!!
You are too injured to fight recklessly!
You are too injured to fight recklessly!
You tentacle-slap the iguana but do no damage.
The iguana is heavily wounded.
You constrict the iguana. The iguana bites you!
You die...

#....+ ........+.
####....+######..... ##
#...........##..... +.
#.................. #.
#...............######.
########...#...........
#..................
#..................
#.@................
#.....l#............#..
#.#........####.....#..
#....................
#....................
#....................
##'###'##............
#. .##...##.......
##...##.......


You could see an iguana.

Vanquished Creatures
  Crazy Yiuf (D:2)
  A centaur skeleton (D:4)
  An iguana (D:4)
  A worker ant (D:4)
  6 adders
  A worm (D:2)
  2 dart slugs (D:1)
  2 giant geckos
  6 giant cockroaches
  5 goblins
  3 hobgoblins (D:3)
  10 kobolds
  2 bats (D:3)
  2 giant newts (D:1)
  A rat (D:2)
44 creatures vanquished.

Notes
Turn   | Place    | Note
--------------------------------------------------------------
     0 | D:1      | pipel the Octopode Chaos Knight began the quest for the Orb.
     0 | D:1      | Reached XP level 1. HP: 16/16 MP: 1/1
     4 | D:1      | XOM: harmless Pois miscast
    10 | D:1      | XOM: butterfly on damage
   152 | D:1      | Reached XP level 2. HP: 17/21 MP: 2/2
   338 | D:1      | XOM: god gift: 20 gold pieces
   661 | D:1      | XOM: divination: detect creatures
   701 | D:1      | XOM: harmless Air miscast
   983 | D:2      | Reached XP level 3. HP: 8/26 MP: 3/3
  1017 | D:1      | XOM: colour smoke trail
  1088 | D:1      | XOM: harmless Tloc miscast
  1100 | D:1      | XOM: divination: detect items
  1221 | D:2      | Reached skill level 1 in Stealth
  1386 | D:1      | XOM: 1-stop teleportation journey
  1546 | D:2      | Reached XP level 4. HP: 25/31 MP: 4/4
  1734 | D:1      | XOM: scenery: create altars
  1770 | D:1      | XOM is BORED!
  1770 | D:1      | XOM: mild Ice miscast
  1820 | D:2      | XOM: god gift: 860 gold pieces
  2032 | D:2      | Noticed Crazy Yiuf
  2038 | D:2      | Killed Crazy Yiuf
  2079 | D:2      | XOM: god gift: 19 arrows
  2136 | D:3      | Found a shadowy altar of Dithmenos.
  2143 | D:3      | Reached XP level 5. HP: 35/37 MP: 5/5
  2176 | D:3      | XOM: colour smoke trail
  2827 | D:4      | Found a staircase to the Ecumenical Temple.
  2838 | D:4      | Gained mutation: Your magical capacity is low (-10% MP). [potion of mutation]
  2838 | D:4      | Gained mutation: One of your tentacles bears a spike. [potion of mutation]
  2838 | D:4      | Gained mutation: Your mind is acute. (Int +2) [potion of mutation]
  2880 | D:4      | Noticed an ogre
  2915 | D:4      | XOM: noise
  3029 | D:3      | XOM: god gift: 5 curare-tipped needles
  3054 | D:4      | XOM: blink monster(s)
  3324 | D:4      | Slain by an iguana

Skill      XL: |  1  2  3  4  5 |
---------------+----------------+-----
Stealth        | 1 2 3 |  3.4
Dodging        | 3 |  3.7
Unarmed Combat | 4 |  4.1
Fighting       | 4 |  4.0

Action                   |  1- 3 |  4- 6 || total
-------------------------+-------+-------++-------
Melee: Unarmed           |    58 |    58 ||   116
       Constrict         |    14 |    14 ||    28
       Tentacles         |     4 |    11 ||    15
       Kick              |       |     8 ||     8
       Punch             |       |     1 ||     1
  Use: Scroll            |     1 |     1 ||     2
       Potion            |       |     7 ||     7
 Stab: Sleeping          |     3 |     3 ||     6
       Distracted        |       |     1 ||     1
  Eat: Chunk             |     2 |     5 ||     7
Armor: Skin              |     1 |     4 ||     5
Dodge: Dodged            |    21 |    34 ||    55
